[Event "Early-Titled-Tuesday-Blitz-March-12-2024"]
[Site "Chess.com"]
[Date "2024.03.12"]
[Round "5"]
[White "Witty_Alien"]
[Black "killer_dreams"]
[Result "1-0"]
[WhiteElo "2334"]
[BlackElo "2501"]
[TimeControl "180+1"]
[EndTime "8:53:27 PDT"]
[Termination "Witty_Alien won by checkmate"]

1. e4 e5 2. d4 exd4 3. c3 dxc3 4. Bc4 d5 5. exd5 Nf6 6. Nf3 cxb2 7. Bxb2 Bb4+ 8.
Nc3 O-O 9. O-O Bg4 10. Qd4 Nbd7 11. Rfe1 Bxf3 12. gxf3 Nb6 13. Bb3 Bd6 14. Kh1 Qd7 15. Ne4 Be7 16. Nxf6+ Bxf6 17. Qxf6 gxf6 18. Rg1+ Kh8 19. Bxf6# 1-0

[Event "Early-Titled-Tuesday-Blitz-March-12-2024"]
[Site "Chess.com"]
[Date "2024.03.12"]
[Round "5"]
[White "Matols"]
[Black "KSho99"]
[Result "1-0"]
[WhiteElo "2358"]
[BlackElo "2131"]
[TimeControl "180+1"]
[EndTime "8:53:30 PDT"]
[Termination "Matols won by checkmate"]

1. d4 e6 2. c4 f5 3. Nf3 Nf6 4. g3 d5 5. Bg2 Be7 6. O-O Ne4 7. b3 Nc6 8. Ba3 Bf6 9. e3 h5 10. h4 g5 11. hxg5 Bxg5 12. Nbd2 h4 13. Nxe4 fxe4 14. Ne5 Nxe5 15. dxe5 hxg3 16. Qg4 gxf2+ 17. Rxf2 Bxe3 18. Qg6+ Kd7 19. Qf7+ Kc6 20. cxd5+ Qxd5 21. Rc1+ Bxc1 22. Rc2+ Kb5 23. Bf1+ Ka5 24. Qxc7+ b6 25. Qc3# 1-0

[Event "Early-Titled-Tuesday-Blitz-March-12-2024"]
[Site "Chess.com"]
[Date "2024.03.12"]
[Round "5"]
[White "FairChess_on_YouTube"]
[Black "sergoy"]
[Result "0-1"]
[WhiteElo "3120"]
[BlackElo "3024"]
[TimeControl "180+1"]
[EndTime "8:53:31 PDT"]
[Termination "sergoy won by resignation"]

1. Nf3 d5 2. g3 g6 3. Bg2 Bg7 4.
d4 Nf6 5. O-O c6 6. c3 O-O 7.
Nbd2 a5 8. Re1 a4 9. e4 dxe4 10. Nxe4 Nxe4 11. Rxe4 Nd7 12. Bg5 Nf6 13. Re2 a3 14. b3 h6 15. Bxf6 exf6 16. b4 Be6 17. Rxe6 fxe6 18. Qc2 Kh7 19. Re1 Qd7 20. Bf1 Qf7 21.
Bc4 Rfe8 22. Qb3 Qd7 23. Bxe6 Qd6 24. c4 Rxe6 25. Rd1 Re2 26. d5 Rb2 27. Qd3 Re8 28.
h4 h5 29. Qxa3 Ree2 30. c5 Qd7 31. Nd4 Qxd5 0-1

[Event "Early-Titled-Tuesday-Blitz-March-12-2024"]
[Site "Chess.com"]
[Date "2024.03.12"]
[Round "5"]
[White "northridgehawk"]
[Black "Herman-NY"]
[Result "0-1"]
[WhiteElo "2339"]
[BlackElo "2534"]
[TimeControl "180+1"]
[EndTime "8:53:37 PDT"]
[Termination "Herman-NY won by resignation"]

1. e4 e5 2. Bc4 Nf6 3. Nc3 Bc5 4. d3 d6 5. f4 Ng4 6. f5 Nf2 7. Qh5 Rf8 8. Nf3 Nxh1 9. Bg5 Qd7 10. Nd5 c6 11. Ne7 d5 12. exd5 Bxe7 13. dxc6 Nxc6 14.
O-O-O Qxf5 15. Re1 h6 16. d4 hxg5 17. Nxe5 Nxe5 18.
Rxe5 Qf4+ 19. Kb1 Bd7 20. Qe2 O-O-O 21. Bd5 Bd6 22. Re4 Qf2 23. Qc4+ Kb8 24. a4 Rfe8 25. Qb3 Bc8 26. Rxe8 Rxe8 27. Bf3 Qe1+ 28. Ka2 Qe6 29.
Bd5 Qe7 30. Bxf7 Rf8 31. Bd5 Nf2 32. c4 Rf5 33. c5 Rxd5 34. Qxd5 Be6 0-1

[Event "Early-Titled-Tuesday-Blitz-March-12-2024"]
[Site "Chess.com"]
[Date "2024.03.12"]
[Round "5"]
[White "FlemingA"]
[Black "AlexeiShirov"]
[Result "0-1"]
[WhiteElo "2418"]
[BlackElo "2865"]
[TimeControl "180+1"]
[EndTime "8:53:52 PDT"]
[Termination "AlexeiShirov won on time"]

1. e4 e5 2. Nf3 Nc6 3. d4 exd4 4.
Nxd4 Qf6 5. Nf3 Bb4+ 6. c3 Bc5 7. Be2 Nge7 8. Bg5 Qg6 9. O-O d6 10. Bh4 a5 11. Nbd2 O-O 12. Nb3 Bb6 13. Nbd4 Qxe4 14. Bd3 Qg4 15. h3 Qh5 16. g4 Qh6 17. Kg2 Ng6 18.
Bxg6 Qxg6 19. Nxc6 bxc6 20. Bg3 f5 21. g5 f4 22. Bh2 Qf5 23. Ng1 Qxg5+ 24. Kh1 Be6 25. Re1 Bd5+ 26. f3 Rae8 27. Qd2 Re3 0-1

[Event "Early-Titled-Tuesday-Blitz-March-12-2024"]
[Site "Chess.com"]
[Date "2024.03.12"]
[Round "5"]
[White "BilicVladimir"]
[Black "sorch29"]
[Result "1-0"]
[WhiteElo "2663"]
[BlackElo "2480"]
[TimeControl "180+1"]
[EndTime "8:53:55 PDT"]
[Termination "BilicVladimir won on time"]

1. e4 c5 2. Nf3 Nc6 3. d4 cxd4 4.
Nxd4 Nf6 5. Nc3 e5 6. Ndb5 d6 7. Bg5 a6 8. Na3 b5 9. Nd5 Be7 10. Bxf6 Bxf6 11. Nb1 Bg5 12. a4 b4 13. Nd2 O-O 14.
Nc4 Rb8 15. Bd3 Be6 16. Nce3 Bxe3 17. Nxe3 a5 18. O-O Ne7 19. Bc4 Rc8 20. Bxe6 fxe6 21. Qg4 Rf6 22. Rfd1 Qb6 23. Rd2 Rcf8 24. Rf1 Qc5 25.
Qd1 Nc8 26. Qe2 Rf4 27. Nc4 R8f7 28. b3 h6 29. g3 R4f6 30. Kg2 Kh7 31. Qe3 Qxe3 32. Nxe3 Rc7 33. Nc4 1-0

[Event "Early-Titled-Tuesday-Blitz-March-12-2024"]
[Site "Chess.com"]
[Date "2024.03.12"]
[Round "5"]
[White "JosephRyan"]
[Black "Zheenbekov86"]
[Result "0-1"]
[WhiteElo "2192"]
[BlackElo "2436"]
[TimeControl "180+1"]
[EndTime "8:53:55 PDT"]
[Termination "Zheenbekov86 won by resignation"]

1. e4 d6 2. d4 g6 3. Nf3 Bg7 4.
c3 Nf6 5. Bd3 O-O 6. O-O Nbd7 7.
Bg5 e5 8. Nbd2 h6 9. Bh4 Qe8 10. Re1 Nh5 11. Qc2 Nf4 12. Bf1 g5 13. Bg3 Nf6 14.
Nc4 Bg4 15. Nfd2 N6h5 16. f3 exd4 17. fxg4 Nxg3 18. hxg3 Ne6 19. Nf3 dxc3 20. bxc3 Qc6 21. Rad1 a6 22. Nd4 Qc5 23. Kh2 b5 24. Ne3 Nxd4 25.
cxd4 Bxd4 26. Qxc5 Bxc5 27. Nf5 Kh7 28. e5 Rae8 29.
exd6 cxd6 30. Bd3 Kg8 31. Nxh6+ Kg7 32. Nf5+ Kf6 33. Be4 Rh8+ 34. Nh4 gxh4 35. gxh4 Bf2 36. g5+ Kg7 37. g3 Bxe1 38. Rxe1 d5 0-1

[Event "Early-Titled-Tuesday-Blitz-March-12-2024"]
[Site "Chess.com"]
[Date "2024.03.12"]
[Round "5"]
[White "zajka-molotok"]
[Black "AlexPapasimakopoulos"]
[Result "0-1"]
[WhiteElo "2520"]
[BlackElo "2716"]
[TimeControl "180+1"]
[EndTime "8:53:56 PDT"]
[Termination "AlexPapasimakopoulos won on time"]

1. e4 e6 2. d4 d5 3. e5 c5 4. c3 Nc6 5. Nf3 Bd7 6. a3 f6 7.
Bd3 fxe5 8. Nxe5 Nxe5 9. dxe5 g6 10. O-O Qc7 11. Qe2 O-O-O 12. Nd2 Nh6 13. f4 Be7 14. Nf3 Nf7 15. b4 c4 16. Bc2 Kb8 17. Be3 Ka8 18. Bd4 Nh6 19. a4 Nf5 20. Bxf5 gxf5 21. Qf2 Qb8 22. a5 Bb5 23. Bb6 Rc8 24. Nd4 Bd7 25.
b5 Bc5 26. Bxc5 Rxc5 27. Rfb1 Qc8 28. h3 Rg8 0-1

[Event "Early-Titled-Tuesday-Blitz-March-12-2024"]
[Site "Chess.com"]
[Date "2024.03.12"]
[Round "5"]
[White "Ati1517"]
[Black "becemix"]
[Result "0-1"]
[WhiteElo "2242"]
[BlackElo "2461"]
[TimeControl "180+1"]
[EndTime "8:53:58 PDT"]
[Termination "becemix won by resignation"]

1. e4 e5 2. Nf3 Nc6 3. d4 exd4 4.
Bc4 Nf6 5. O-O d6 6. Ng5 Ne5 7. Bb3 h6 8. f4 hxg5 9. fxe5 dxe5 10. Bxg5 Be7 11. Nd2 Bg4 12. Qe1 Qd6 13. Nc4 Qc5 14.
h3 Be6 15. Nd2 O-O-O 16. Nf3 Bxh3 17. gxh3 Rxh3 18. Kg2 Rdh8 19. Bxf7 Kb8 20. Be6 R3h5 21. Qg3 Nxe4 22. Bxe7 Qxe7 23. Qg4 Ng5 24. Rae1 Nxf3 25.
Rxf3 Rg5 26. Qxg5 Qxg5+ 27. Rg3 Qd2+ 0-1

[Event "Early-Titled-Tuesday-Blitz-March-12-2024"]
[Site "Chess.com"]
[Date "2024.03.12"]
[Round "5"]
[White "AnishOnYoutube"]
[Black "Sam_ChessMood"]
[Result "0-1"]
[WhiteElo "3053"]
[BlackElo "2974"]
[TimeControl "180+1"]
[EndTime "8:53:59 PDT"]
[Termination "Sam_ChessMood won on time"]

1. d4 Nf6 2. c4 e6 3. Nf3 Bb4+ 4. Bd2 Qe7 5. g3 Bxd2+ 6. Qxd2 Nc6 7. Nc3 d5 8. b3 O-O 9. Bg2 Rd8 10. O-O dxc4 11. bxc4 e5 12. e3 Bg4 13. Rfe1 Bxf3 14. Bxf3 exd4 15.
exd4 Nxd4 16. Bg2 Qb4 17. Qd3 c6 18. Rab1 Qa3 0-1

[Event "Early-Titled-Tuesday-Blitz-March-12-2024"]
[Site "Chess.com"]
[Date "2024.03.12"]
[Round "5"]
[White "Let_it_be_1"]
[Black "alexrustemov"]
[Result "0-1"]
[WhiteElo "2620"]
[BlackElo "2864"]
[TimeControl "180+1"]
[EndTime "8:54:05 PDT"]
[Termination "alexrustemov won by resignation"]

1. e4 e6 2. d4 d5 3. Nd2 dxe4 4. Nxe4 Bd7 5. Nf3 Bc6 6. Ned2 Nd7 7. Nc4 Ngf6 8. Nfe5 Bd5 9. Nxd7 Nxd7 10. Ne3 Bc6 11. Bd3 Nf6 12. c3 Be7 13. O-O O-O 14. Ng4 Qd5 15.
Nxf6+ Bxf6 16. f3 e5 17. Be4 Qd6 18. Bxc6 Qxc6 19. dxe5 Bxe5 20. Be3 Rad8 21. Qc2 Rd7 22. Rad1 Rfd8 23. Rxd7 Qxd7 24. Qe4 Qd5 25. Qxd5 Rxd5 26.
f4 Bd6 27. Kf2 f5 28. c4 Ra5 29. a3 Kf7 30. Re1 Ra4 31. Rc1 a6 32. Ke2 b5 33. Kd3 Ke6 34. cxb5 axb5 35. g3 Kd5 36. Rc3 c5 37. Rb3 c4+ 0-1

[Event "Early-Titled-Tuesday-Blitz-March-12-2024"]
[Site "Chess.com"]
[Date "2024.03.12"]
[Round "5"]
[White "ValentunHulka"]
[Black "imdvb6307"]
[Result "1-0"]
[WhiteElo "2718"]
[BlackElo "2490"]
[TimeControl "180+1"]
[EndTime "8:54:07 PDT"]
[Termination "ValentunHulka won on time"]

1. Nc3 Nf6 2. e4 e5 3. Nf3 Nc6 4. Bb5 Nd4 5. O-O Nxb5 6. Nxb5 c6 7. Nc3 d6 8. d4 Qc7 9. h3 Be7 10. a4 a5 11. Bg5 O-O 12. d5 h6 13. Bxf6 Bxf6 14.
Qd3 g6 15. Nd2 Be7 16. Nc4 f5 17. Rad1 Rf6 18. b3 f4 19. dxc6 bxc6 20. Nd5 cxd5 21. Qxd5+ Kg7 22. Qxa8 f3 23. Qxa5 Qd7 24. Nxe5 Qe6 25.
Nxf3 Rxf3 26. gxf3 Qxh3 27. Qc3+ Kf7 28. Qe3 Be6 29.
f4 Qg4+ 30. Qg3 Qh5 31. a5 Bg4 32. f3 Bh3 33. a6 Bxf1 34. Rxf1 Qc5+ 35. Qf2 Qa5 36.
Qe2 d5 37. exd5 Bc5+ 38. Kg2 Kg7 39. Re1 h5 40. Qe5+ Kh7 41. d6 Qd2+ 42. Re2 Qb4 43. d7 Bb6 44. Qe7+ Qxe7 45. Rxe7+ Kh6 46. Re8 1-0

[Event "Early-Titled-Tuesday-Blitz-March-12-2024"]
[Site "Chess.com"]
[Date "2024.03.12"]
[Round "5"]
[White "AttilaTurzo"]
[Black "Switzerlamb"]
[Result "1/2-1/2"]
[WhiteElo "2474"]
[BlackElo "2555"]
[TimeControl "180+1"]
[EndTime "8:54:08 PDT"]
[Termination "Game drawn by repetition"]

1. d4 c5 2. d5 g6 3. Nc3 Bg7 4. e4 d6 5. Nf3 a6 6. a4 Bg4 7. Bc4 Nd7 8. h3 Bxf3 9. Qxf3 Ne5 10. Qe2 Nxc4 11. Qxc4 Nf6 12. O-O O-O 13. Re1 b5 14.
Qe2 b4 15. Nb1 Nd7 16. Nd2 a5 17. Nc4 Nb6 18. Nxb6 Qxb6 19. Rb1 Qa6 20. Bd2 Qxe2 21. Rxe2 c4 22. Be3 Rab8 23. Ree1 Rfc8 24. Red1 Kf8 25. Bd4 Bxd4 26. Rxd4 Rc5 27. f4 Rd8 28. Rbd1 f6 29. Kf2 h6 30. g4 g5 31. Kf3 Kg7 32. h4 gxf4 33. Kxf4 Kg6 34. Rg1 Rf8 35. Rg3 Rcc8 36.
Rd1 Rh8 37. Rdg1 Rcf8 38. Ke3 Rc8 39. Kd4 Rhf8 40. Rf1 Rg8 41. Rf5 Rh8 42. Rh5 Rhg8 43. Rf5 Rgf8 44. Rh5 Rh8 45. Rf5 Rhf8 46. Rh5 Rh8 47.
Rf5 Rhf8 1/2-1/2

[Event "Early-Titled-Tuesday-Blitz-March-12-2024"]
[Site "Chess.com"]
[Date "2024.03.12"]
[Round "5"]
[White "only_strong_moves"]
[Black "Boliviar"]
[Result "0-1"]
[WhiteElo "2526"]
[BlackElo "2394"]
[TimeControl "180+1"]
[EndTime "8:54:08 PDT"]
[Termination "Boliviar won by resignation"]

1. d4 d5 2. Nc3 Nf6 3. Bf4 Bf5 4. e3 c6 5. Nf3 e6 6. Ne5 Nbd7 7.
g4 Nxe5 8. gxf5 Ned7 9. fxe6 fxe6 10. Qf3 Qe7 11. O-O-O e5 12. dxe5 Nxe5 13. Bxe5 Qxe5 14.
Bh3 Bb4 15. Ne2 O-O 16. Nf4 Ne4 17. Qg2 Ba3 18. Nd3 Bxb2+ 19. Nxb2 Rxf2 20. Rhg1 Rxg2 21. Rxg2 Rf8 22. Rdg1 g6 23. Re2 Nc3 24. Ree1 Nxa2+ 25. Kb1 Nc3+ 26. Kc1 Ne4 27. Bg2 Rf2 28. h4 Qc3 29.
Bh3 Rxc2+ 0-1

[Event "Early-Titled-Tuesday-Blitz-March-12-2024"]
[Site "Chess.com"]
[Date "2024.03.12"]
[Round "5"]
[White "karinachess1"]
[Black "pirulillo"]
[Result "1-0"]
[WhiteElo "2605"]
[BlackElo "2287"]
[TimeControl "180+1"]
[EndTime "8:54:12 PDT"]
[Termination "karinachess1 won by resignation"]

1. d4 Nf6 2. c4 g6 3. Nc3 Bg7 4. e4 d6 5. h4 e5 6. d5 a5 7. Be2 h5 8. Bg5 Na6 9. Nf3 Nc5 10. O-O Bh6 11. Bxh6 Rxh6 12. Ng5 Nh7 13. Qd2 Nxg5 14. hxg5 Rh8 15. f4 Qe7 16. f5 Bd7 17. f6 Qd8 18. b3 Kf8 19. Rab1 h4 20. Kf2 Qc8 21. Rh1 Bg4 22. Rh2 Rh5 23. Rbh1 h3 24. gxh3 Bxe2 25. Kxe2 Qd7 26. Qe3 Kg8 27. Kd2 Kh7 28.
h4 Qg4 29. Rg1 Qd7 30. Ne2 a4 31. b4 Na6 32. a3 c5 33. b5 Nc7 34. Ng3 Qg4 35.
Nf5 gxf5 36. Rxg4 fxg4 37. Qg3 1-0

[Event "Early-Titled-Tuesday-Blitz-March-12-2024"]
[Site "Chess.com"]
[Date "2024.03.12"]
[Round "5"]
[White "SilverSwords13"]
[Black "Flawless_Fighter"]
[Result "0-1"]
[WhiteElo "2508"]
[BlackElo "2841"]
[TimeControl "180+1"]
[EndTime "8:54:14 PDT"]
[Termination "Flawless_Fighter won by resignation"]

1. e4 c5 2. Nf3 d6 3. d4 cxd4 4. Nxd4 Nf6 5. Nc3 a6 6. Be3 e5 7.
Nb3 Be7 8. f3 Be6 9. Qd2 h5 10.
O-O-O Nbd7 11. Nd5 Nxd5 12. exd5 Bf5 13. Bd3 Bxd3 14. Qxd3 Rc8 15. Kb1 Qc7 16. Nd2 g6 17. g4 Nc5 18. Bxc5 Qxc5 19. Ne4 Qc4 20. g5 Qxd3 21.
Rxd3 Kd7 22. h4 Rc4 23. b3 Rc7 24. f4 Rhc8 25. c4 exf4 26. Rf1 b5 27. cxb5 axb5 28. Rdf3 Rc2 29. Rxf4 Re2 30. Nf6+ Kd8 31. Rc1 Rxc1+ 32. Kxc1 Rxa2 33. Ng8 Ke8 34. Re4 Ra7 35. Kc2 Kf8 36. Nxe7 Rxe7 37. Rxe7 Kxe7 38. Kc3 f6 39. gxf6+ Kxf6 40. Kb4 g5 41. hxg5+ Kxg5 42. Kxb5 h4 43. Kc6 h3 44.
Kxd6 h2 45. Kc7 h1=Q 46. d6 Qc1+ 47. Kd8 Kf6 48. d7 Ke6 0-1

[Event "Early-Titled-Tuesday-Blitz-March-12-2024"]
[Site "Chess.com"]
[Date "2024.03.12"]
[Round "5"]
[White "Russian_berezka"]
[Black "bubeliang"]
[Result "0-1"]
[WhiteElo "2574"]
[BlackElo "2809"]
[TimeControl "180+1"]
[EndTime "8:54:15 PDT"]
[Termination "bubeliang won on time"]

1. d4 d5 2. c4 e6 3. Nc3 Nf6 4.
cxd5 exd5 5. Bg5 Be7 6. e3 c6 7. Bd3 O-O 8. Qc2 h6 9. Bh4 Re8 10.
Nge2 Nbd7 11. O-O Nh5 12. Bxe7 Qxe7 13. Rae1 Nf8 14. Nc1 Qg5 15. Kh1 Bd7 16. Nb3 b6 17. Ne2 Rac8 18. e4 dxe4 19. Bxe4 Nf6 20. Bf3 Bg4 21. Bxg4 Nxg4 22. h3 Qh4 23. Kg1 Nf6 24.
Ng3 Ne6 25. Nf5 Qg5 26. Kh2 Nf4 27. g3 N4d5 28. Nd2 Nb4 29. Qc3 Nfd5 0-1

[Event "Early-Titled-Tuesday-Blitz-March-12-2024"]
[Site "Chess.com"]
[Date "2024.03.12"]
[Round "5"]
[White "Ginzburg_Yakov"]
[Black "Witik"]
[Result "0-1"]
[WhiteElo "2547"]
[BlackElo "2747"]
[TimeControl "180+1"]
[EndTime "8:54:15 PDT"]
[Termination "Witik won on time"]

1. d4 Nf6 2. g3 d5 3. Bg2 g6 4.
Nf3 Bg7 5. O-O O-O 6. c4 c6 7.
Ne5 Be6 8. c5 b6 9. b4 Nfd7 10.
f4 bxc5 11. bxc5 Nxe5 12. fxe5 Nd7 13. e4 Nxe5 14. Na3 Nc4 15. Nxc4 dxc4 16. Be3 Qa5 17.
d5 Rad8 18. Rc1 c3 19. Bd4 cxd5 20. exd5 Bxd5 21. Bxg7 Bxg2 22. Bd4 Bxf1 0-1

[Event "Early-Titled-Tuesday-Blitz-March-12-2024"]
[Site "Chess.com"]
[Date "2024.03.12"]
[Round "5"]
[White "Fandorine"]
[Black "littlepinkyboy"]
[Result "1-0"]
[WhiteElo "2952"]
[BlackElo "2639"]
[TimeControl "180+1"]
[EndTime "8:54:16 PDT"]
[Termination "Fandorine won by resignation"]

1. d4 d5 2. Nf3 Nf6 3. c4 c6 4. Nc3 e6 5. g3 dxc4 6. Bg2 b5 7. Ne5 Qb6 8. O-O Bb7 9. b3 cxb3 10. Qxb3 a5 11. Bb2 a4 12. Qd1 Nbd7 13. Rb1 Bd6 14.
Ba1 Qc7 15. Rxb5 cxb5 16. Nxb5 Qb6 17. Nc4 Bxg2 18. Nxb6 Nxb6 19. Nxd6+ Ke7 20. Kxg2 Kxd6 21. d5 Nbxd5 22. Bxf6 gxf6 23. e4 Ra5 24. Qd2 Rc5 25. exd5 Rxd5 26. Qb4+ Kd7 27. Qxa4+ Ke7 28. Qb4+ Rd6 29.
Rd1 Rd8 30. a4 Rd7 31. a5 e5 32. a6 Ke6 33. Rxd6+ Rxd6 34. Qxd6+ Kxd6 35. a7 Kc7 36. a8=Q 1-0

[Event "Early-Titled-Tuesday-Blitz-March-12-2024"]
[Site "Chess.com"]
[Date "2024.03.12"]
[Round "5"]
[White "KetiTsatsalashvili"]
[Black "shirovin"]
[Result "1-0"]
[WhiteElo "2431"]
[BlackElo "2079"]
[TimeControl "180+1"]
[EndTime "8:54:17 PDT"]
[Termination "KetiTsatsalashvili won on time"]

1. d4 Nf6 2. Nf3 g6 3. c4 Bg7 4. Nc3 d6 5. e4 O-O 6. Be2 e5 7.
O-O Nc6 8. d5 Ne7 9. Nd2 a5 10.
Rb1 Nd7 11. a3 f5 12. b4 axb4 13. axb4 Nf6 14. f3 f4 15. c5 h5 16. Nc4 g5 17.
h3 Rf7 18. Bb2 Bf8 19. Ra1 Rxa1 20. Qxa1 Rg7 21. cxd6 cxd6 22. Nb5 Ne8 23. Qa5 Qxa5 24. bxa5 Rg6 25. Nb6 g4 26. fxg4 hxg4 27. Nxc8 Nxc8 28.
Bxg4 Ne7 29. Ba3 Nf6 30. Be6+ Kh8 31. Nxd6 Neg8 32. Nf7+ Kg7 33. Bxf8+ Kxf8 34. Nxe5 Rg3 35. Rxf4 Ke7 36. Kh2 Ra3 37. Bxg8 Nxg8 38. Rf7+ Kd6 39. Nc4+ 1-0

[Event "Early-Titled-Tuesday-Blitz-March-12-2024"]
[Site "Chess.com"]
[Date "2024.03.12"]
[Round "5"]
[White "RebelJohnny"]
[Black "HATilay"]
[Result "1-0"]
[WhiteElo "2531"]
[BlackElo "2692"]
[TimeControl "180+1"]
[EndTime "8:54:29 PDT"]
[Termination "RebelJohnny won by resignation"]

1. e4 c5 2. Nf3 d6 3. d4 cxd4 4. Nxd4 Nf6 5. Nc3 a6 6. Bg5 Nbd7 7. Qe2 e6 8. f4 Qc7 9. O-O-O b5 10. a3 Bb7 11. g4 Be7 12. Kb1 h6 13. Bh4 g5 14.
fxg5 Nh7 15. Bg3 hxg5 16. h4 gxh4 17. Rxh4 Bxh4 18. Ndxb5 axb5 19. Nxb5 Qb6 20. Nxd6+ Kf8 21. Bxh4 Ne5 22. Qd2 Kg7 23. Qc3 Qa5 24. Qxa5 Rxa5 25. Nxb7 Ra7 26. Nd6 Nxg4 27. Be2 Ne5 28. Bf2 f6 29.
Bxa7 1-0

[Event "Early-Titled-Tuesday-Blitz-March-12-2024"]
[Site "Chess.com"]
[Date "2024.03.12"]
[Round "5"]
[White "profedechess93"]
[Black "DrRiebert"]
[Result "0-1"]
[WhiteElo "2618"]
[BlackElo "2416"]
[TimeControl "180+1"]
[EndTime "8:54:30 PDT"]
[Termination "DrRiebert won by resignation"]

1. e4 c5 2. Nf3 Nc6 3. Bb5 g6 4. c3 Nf6 5. e5 Nd5 6. d4 cxd4 7.
Bxc6 dxc6 8. Qxd4 Bg7 9. O-O O-O 10. Qh4 f6 11. exf6 exf6 12. Na3 g5 13. Qg3 h6 14.
Re1 f5 15. Nd4 c5 16. Nb3 b6 17. Rd1 Nxc3 18. Rxd8 Ne2+ 19. Kh1 Nxg3+ 20. hxg3 Rxd8 21.
Nc4 Be6 22. Ne3 Rd3 23. Nd2 Rad8 24. Nf3 f4 25. gxf4 gxf4 26. Nc2 Rd1+ 27. Kh2 Bf5 28.
Na3 Rxc1 29. Rxc1 Bxb2 0-1

[Event "Early-Titled-Tuesday-Blitz-March-12-2024"]
[Site "Chess.com"]
[Date "2024.03.12"]
[Round "5"]
[White "YegoryoCh"]
[Black "superchthonic"]
[Result "1-0"]
[WhiteElo "2503"]
[BlackElo "2691"]
[TimeControl "180+1"]
[EndTime "8:54:31 PDT"]
[Termination "YegoryoCh won by resignation"]

1. e4 Nf6 2. Nc3 d5 3. e5 Nfd7 4. d4 e6 5. f4 c5 6. Nf3 Nc6 7. Be3 a6 8. a3 b5 9. Bd3 Bb7 10. O-O g6 11. Kh1 Rc8 12. dxc5 Bxc5 13. Bxc5 Nxc5 14.
b4 Nxd3 15. Qxd3 Qc7 16. Ne2 Ne7 17. Ned4 Qc3 18. Qxc3 Rxc3 19. Nd2 Kd7 20. N2b3 Rhc8 21.
Nc5+ R8xc5 22. bxc5 Rxc5 23. a4 Rc4 24. Rfd1 bxa4 25.
Rab1 Kc7 26. g3 h5 27. Kg1 Bc6 28. Rd3 Bd7 29. Rd2 Nf5 30. Nxf5 gxf5 31. Kf2 Rc3 32. Ke2 Bb5+ 33. Kf2 Kc6 34. Re1 Kc5 35. Re3 d4 36. Rxc3+ dxc3 37. Rd1 a3 38. Ke3 a2 39. Re1 Kc4 40. Ra1 a5 41. Rxa2 a4 42. Ra1 Kb4 43. Kd4 Bc4 44. Rxa4+ Kxa4 45. Kxc4 Ka5 46. Kxc3 Kb5 47. Kb3 Kc5 48. c4 1-0

[Event "Early-Titled-Tuesday-Blitz-March-12-2024"]
[Site "Chess.com"]
[Date "2024.03.12"]
[Round "5"]
[White "andrew-blr"]
[Black "EpicPlayz282"]
[Result "1-0"]
[WhiteElo "2616"]
[BlackElo "2354"]
[TimeControl "180+1"]
[EndTime "8:54:33 PDT"]
[Termination "andrew-blr won by resignation"]

1. d4 d5 2. c4 e6 3. Nc3 Nf6 4. cxd5 exd5 5. Bg5 Bb4 6. e3 h6 7. Bxf6 Qxf6 8. Qb3 Qd6 9. Bd3 O-O 10. a3 Bxc3+ 11. Qxc3 Nd7 12. Ne2 c6 13. O-O Nb6 14.
Nf4 Bd7 15. a4 a5 16. Qb3 Qc7 17. Rfc1 Rfc8 18. Rc5 Ra7 19. Qc3 Qd6 20. Rxa5 Rca8 21. Rxa7 Rxa7 22. a5 g5 23. Ne2 Nc8 24. b4 b5 25. Qc5 Qxc5 26. dxc5 Kf8 27. Nd4 Ke7 28.
f3 Kd8 29. Kf2 Ne7 30. h4 g4 31. Kg3 gxf3 32. gxf3 Kc7 33. Rg1 Ra8 34. Kf2 Rh8 35. Rg7 Be8 36. Bh7 Kd7 37. Kg3 Kd8 38.
Kf4 f6 39. Bf5 Bd7 40. Bxd7 Kxd7 41. Nf5 Re8 1-0

[Event "Early-Titled-Tuesday-Blitz-March-12-2024"]
[Site "Chess.com"]
[Date "2024.03.12"]
[Round "5"]
[White "bazar-wokzal"]
[Black "DamianoLew95"]
[Result "0-1"]
[WhiteElo "2547"]
[BlackElo "2746"]
[TimeControl "180+1"]
[EndTime "8:54:35 PDT"]
[Termination "DamianoLew95 won by resignation"]

1. e4 c5 2. c3 e6 3. d4 d5 4. e5 Nc6 5. Nf3 Qb6 6. Be2 Bd7 7. O-O Nh6 8. Bxh6 gxh6 9. dxc5 Qxb2 10. Nbd2 Qxc3 11.
Nb3 Qb4 12. Rb1 Qa3 13. Nbd4 Bxc5 14. Rxb7 Rb8 15. Rxd7 Kxd7 16. Bb5 Bxd4 17. Nxd4 Rxb5 18. Nxb5 Qc5 19. Qa4 Rb8 20. Rb1 Rb6 21. h4 a6 22.
Qf4 Rxb5 23. Qxf7+ Qe7 0-1

[Event "Early-Titled-Tuesday-Blitz-March-12-2024"]
[Site "Chess.com"]
[Date "2024.03.12"]
[Round "5"]
[White "ahkashefi2800"]
[Black "PIwan"]
[Result "1-0"]
[WhiteElo "2644"]
[BlackElo "2419"]
[TimeControl "180+1"]
[EndTime "8:54:36 PDT"]
[Termination "ahkashefi2800 won by resignation"]

1. d4 e6 2. Nf3 f5 3. c4 Nf6 4.
g3 d5 5. Bg2 c6 6. O-O Bd6 7.
Nc3 O-O 8. cxd5 exd5 9. Bf4 Bxf4 10. gxf4 Ne4 11. e3 Be6 12. Ne5 Nd7 13. Kh1 Nxe5 14.
fxe5 Qh4 15. Qe1 Nxc3 16. bxc3 f4 17. f3 Qh6 18. e4 dxe4 19. fxe4 Bh3 20. Qe2 g5 21.
Bxh3 Qxh3 22. Rf3 Qh4 23. Rg1 h5 24. Qf1 g4 25. Rxf4 Rxf4 26. Qxf4 Rf8 27. Qg3 Qg5 28. e6 Qg6 29. Qe5 Re8 30. d5 cxd5 31. exd5 Qd3 32. Qg5+ Kf8 33. Qf6+ Kg8 34. Qf7+ 1-0

[Event "Early-Titled-Tuesday-Blitz-March-12-2024"]
[Site "Chess.com"]
[Date "2024.03.12"]
[Round "5"]
[White "remyrushbrooke"]
[Black "Maxfan2008"]
[Result "0-1"]
[WhiteElo "2273"]
[BlackElo "2602"]
[TimeControl "180+1"]
[EndTime "8:54:36 PDT"]
[Termination "Maxfan2008 won on time"]

1. Nf3 d5 2. g3 Bg4 3. Bg2 Nd7 4. d4 Ngf6 5. c4 e6 6. cxd5 exd5 7. Nc3 c6 8. Qb3 Qb6 9. Qxb6 axb6 10. Ne5 Bf5 11. Bf4 h6 12. O-O g5 13. Be3 Bd6 14. f4 g4 15. a3 h5 16. Rac1 Ne4 17. Nxe4 Bxe4 18. Bxe4 dxe4 19. d5 c5 20. Nc4 Ke7 21. f5 f6 22. Bf4 Ne5 23. Bxe5 Bxe5 24. Nxe5 fxe5 25. Rc4 Kd6 26. a4 Rhf8 27. b3 Kxd5 28. e3 Rf6 29. Rd1+ Kc6 30. Rxe4 Rxf5 0-1

[Event "Early-Titled-Tuesday-Blitz-March-12-2024"]
[Site "Chess.com"]
[Date "2024.03.12"]
[Round "5"]
[White "secrethawk1"]
[Black "Roedor"]
[Result "1-0"]
[WhiteElo "2466"]
[BlackElo "2274"]
[TimeControl "180+1"]
[EndTime "8:54:36 PDT"]
[Termination "secrethawk1 won by checkmate"]

1. d4 Nf6 2. Bf4 g6 3. e3 Bg7 4.
Nf3 O-O 5. h3 d6 6. Be2 b6 7.
O-O Bb7 8. Nbd2 Nbd7 9. c4 Ne4 10. Nxe4 Bxe4 11. Rc1 e5 12. Bh2 Re8 13. dxe5 Nxe5 14. Nxe5 Bxe5 15. Bxe5 Rxe5 16. Qd4 Bb7 17. Rfd1 Qe7 18.
Bf1 Re4 19. Qd2 Re8 20. b4 Qg5 21. c5 bxc5 22. bxc5 dxc5 23. Qa5 Bc8 24. Rxc5 R8e5 25. Rd8+ Kg7 26. Rxe5 Rxe5 27. Qxc7 Bxh3 28. f4 Qg3 29.
Qxe5+ f6 30. Qe7+ Kh6 31. Rh8 Kh5 32. Rxh7+ Kg4 33. Qe6+ f5 34. Qxg6# 1-0

[Event "Early-Titled-Tuesday-Blitz-March-12-2024"]
[Site "Chess.com"]
[Date "2024.03.12"]
[Round "5"]
[White "Al_Shima"]
[Black "PetrolulSah"]
[Result "1-0"]
[WhiteElo "2440"]
[BlackElo "2225"]
[TimeControl "180+1"]
[EndTime "8:54:38 PDT"]
[Termination "Al_Shima won by resignation"]

1. e4 e5 2. Bc4 Nf6 3. d4 exd4 4. Nf3 d5 5. exd5 Nxd5 6. Qxd4 Be6 7. O-O Nc6 8. Qe4 Be7 9. Rd1 Nf6 10. Rxd8+ Rxd8 11. Qe2 Bxc4 12. Qe1 O-O 13. Be3 Ng4 14. Nbd2 Be6 15. h3 Nxe3 16. Qxe3 Bf6 17. c3 Rfe8 18. Ne4 Be7 19.
Re1 h6 20. Qf4 Bd5 21. Qxc7 Bxe4 22. Rxe4 Rd1+ 23. Re1 Rxe1+ 24. Nxe1 Bd8 25. Qxb7 Rxe1+ 26. Kh2 Re6 27. b4 Bf6 28. b5 Be5+ 29. g3 Ne7 30.
Qxa7 Bxc3 31. b6 Nc6 32. Qa8+ Kh7 33. b7 Be5 34. a4 Bb8 35. a5 Rf6 36. Kg2 Ba7 37.
Qxa7 Nxa7 38. b8=Q Nc6 39. Qb1+ g6 40. a6 Nd4 41. a7 Ra6 42. Qb7 1-0